[Event "Titled Tuesday Blitz November 07 Early 2023"]
[White "Zavgorodniy, Sergiy"]
[Black "Timofeev, Artyom"]
[WhiteFideId "14110148"]
[BlackFideId "4140419"]
[WhiteElo "2695"]
[BlackElo "2847"]
[Result "1/2-1/2"]
[Round "10"]
[TimeControl "180+1"]
[Date "2023.11.07"]
[WhiteClock "0:02:14"]
[BlackClock "0:02:12"]
[Board "28"]

1. d4 Nf6 2. c4 g6 3. Nc3 Bg7 4. e4 d6 5. Be2 O-O 6. Nf3 e5 7. O-O exd4 8. Nxd4 Re8 9. f3 c6 10. Nc2 Be6 11. Kh1 d5 12. cxd5 cxd5 13. Nd4 dxe4 14. Nxe6 Qxd1 15. Rxd1 fxe6 16. Nxe4 Nxe4 17. fxe4 Nc6 18. Bg5 h6 19. Bh4 g5 20. Bg3 Red8 21. Bc4 Kf7 22. Rab1 Be5 23. Bf2 Bd4 24. Bg3 Be5 25. Bf2 Bd4 26. Bg3 Be5 1/2-1/2


[Site "https://www.chess.com"]

[Event "Titled Tuesday Blitz November 07 Early 2023"]
[White "mind1mover"]
[Black "Godzwon, Iwo"]
[BlackFideId "21802483"]
[WhiteElo "2822"]
[BlackElo "2693"]
[Result "1-0"]
[Round "10"]
[TimeControl "180+1"]
[Date "2023.11.07"]
[WhiteClock "0:02:03"]
[BlackClock "0:01:46"]
[Board "29"]

1. Nf3 b6 2. b3 Bb7 3. Bb2 f5 4. d3 e6 5. Nbd2 Nf6 6. g3 Be7 7. Bg2 O-O 8. O-O d6 9. e4 fxe4 10. Ng5 e5 11. Ne6 Qc8 12. Nxf8 exd3 13. Bxb7 Qxb7 14. Ne6 h6 15. f4 Qc8 16. Qf3 c6 17. fxe5 dxe5 18. Qf5 Na6 19. Bxe5 dxc2 20. Nxg7 1-0


[Site "https://www.chess.com"]

[Event "Titled Tuesday Blitz November 07 Early 2023"]
[White "CrazyAdvenTures"]
[Black "Starozhilov, Leonid"]
[BlackFideId "14106752"]
[WhiteElo "2820"]
[BlackElo "2692"]
[Result "1-0"]
[Round "10"]
[TimeControl "180+1"]
[Date "2023.11.07"]
[WhiteClock "0:01:01"]
[BlackClock "0:00:02"]
[Board "30"]

1. e4 Nc6 2. Nf3 d6 3. d4 Nf6 4. Nc3 g6 5. h3 Bg7 6. Be3 O-O 7. Qd2 e5 8. d5 Ne7 9. g4 c6 10. dxc6 bxc6 11. O-O-O d5 12. Nxe5 Qc7 13. f4 dxe4 14. Bc5 Be6 15. Bd6 Qb7 16. f5 gxf5 17. gxf5 Nxf5 18. Bxf8 Kxf8 19. Ng4 Nd5 20. Na4 Rb8 21. c3 h5 22. Nc5 Qe7 23. Nxe6+ Qxe6 24. Bc4 hxg4 25. hxg4 Nfe3 26. Bxd5 Nxd5 27. Rdf1 Kg8 28. Rf5 e3 29. Qd3 e2 30. Re1 Ne7 31. Rxe2 Qxa2 32. Rxe7 Rxb2 33. Re8+ Bf8 34. Rg5+ 1-0


[Site "https://www.chess.com"]

[Event "Titled Tuesday Blitz November 07 Early 2023"]
[White "Borgaonkar Akshay"]
[Black "Bacrot, Etienne"]
[WhiteFideId "25639110"]
[BlackFideId "605506"]
[WhiteElo "2688"]
[BlackElo "2818"]
[Result "1-0"]
[Round "10"]
[TimeControl "180+1"]
[Date "2023.11.07"]
[WhiteClock "0:02:00"]
[BlackClock "0:01:47"]
[Board "31"]

1. e4 c5 2. Nf3 d6 3. d4 cxd4 4. Nxd4 Nf6 5. Nc3 Nc6 6. Bg5 Bd7 7. Nxc6 Bxc6 8. Bxf6 gxf6 9. Bb5 Bg7 10. O-O O-O 11. Bd3 Kh8 12. Qh5 e6 13. f4 Qb6+ 14. Kh1 Qc5 15. f5 Qe3 16. Rf3 Qh6 17. Qg4 Qg5 18. Qxg5 fxg5 19. f6 Bxf6 20. Rxf6 Kg7 21. Raf1 a6 22. Ne2 1-0


[Site "https://www.chess.com"]

[Event "Titled Tuesday Blitz November 07 Early 2023"]
[White "amanmuhammethommadov"]
[Black "Szpar, Milosz"]
[BlackFideId "1184989"]
[WhiteElo "2686"]
[BlackElo "2805"]
[Result "0-1"]
[Round "10"]
[TimeControl "180+1"]
[Date "2023.11.07"]
[WhiteClock "0:02:07"]
[BlackClock "0:01:02"]
[Board "32"]

1. e4 e6 2. d4 d5 3. e5 c5 4. c3 Nc6 5. Nf3 Bd7 6. a3 f6 7. Bd3 fxe5 8. dxe5 Qc7 9. Qe2 Nh6 10. O-O Nf7 11. Bf4 Be7 12. b4 g5 13. Bg3 h5 14. h3 O-O-O 15. Nbd2 g4 16. hxg4 hxg4 17. Nh2 Ncxe5 18. Nxg4 c4 19. Nxe5 cxd3 20. Nxf7 dxe2 21. Bxc7 exf1=Q+ 22. Rxf1 Kxc7 23. Nxh8 Rxh8 24. Nf3 Bf6 25. Re1 Kd6 26. Re3 Rc8 0-1


[Site "https://www.chess.com"]

[Event "Titled Tuesday Blitz November 07 Early 2023"]
[White "Gharibyan, Mamikon"]
[Black "Skvortsov, Andrei"]
[WhiteFideId "13308300"]
[BlackFideId "24108600"]
[WhiteElo "2800"]
[BlackElo "2674"]
[Result "1-0"]
[Round "10"]
[TimeControl "180+1"]
[Date "2023.11.07"]
[WhiteClock "0:00:37"]
[BlackClock "0:00:40"]
[Board "33"]

1. e4 d5 2. exd5 Qxd5 3. Nc3 Qe5+ 4. Be2 Bg4 5. d4 Bxe2 6. Ngxe2 Qa5 7. O-O Nf6 8. d5 c6 9. b4 Qd8 10. dxc6 Nxc6 11. b5 Qxd1 12. Rxd1 Na5 13. b6 a6 14. Bf4 e6 15. Bc7 Bc5 16. Na4 Be7 17. Nd4 O-O 18. Nb3 Nxb3 19. axb3 Nd5 20. Bg3 Bf6 21. Rac1 Rfc8 22. c4 Nb4 23. Rd7 h5 24. h4 g5 25. hxg5 Bxg5 26. Rcd1 h4 27. Be5 Nc6 28. Bc3 Rd8 29. Nc5 Rxd7 30. Rxd7 a5 31. Rxb7 Be7 32. Rc7 Bxc5 33. Rxc6 1-0


[Site "https://www.chess.com"]

[Event "Titled Tuesday Blitz November 07 Early 2023"]
[White "Sokolovsky, Yahli"]
[Black "Matinian, Nikita"]
[WhiteFideId "2820242"]
[BlackFideId "24129100"]
[WhiteElo "2798"]
[BlackElo "2672"]
[Result "1/2-1/2"]
[Round "10"]
[TimeControl "180+1"]
[Date "2023.11.07"]
[WhiteClock "0:00:05"]
[BlackClock "0:00:03"]
[Board "34"]

1. b3 g6 2. Bb2 Nf6 3. c4 Bg7 4. g3 d6 5. Bg2 e5 6. Nf3 c5 7. O-O Nc6 8. Nc3 O-O 9. Ne1 h5 10. Nc2 h4 11. Ne3 h3 12. Bh1 Nd4 13. Ned5 Nxd5 14. Nxd5 Bg4 15. f3 Bd7 16. e3 Nc6 17. f4 f5 18. d3 g5 19. Qh5 Be8 20. Qxh3 Bg6 21. Qg2 a5 22. a4 Rf7 23. Bc3 exf4 24. Bxg7 Kxg7 25. gxf4 g4 26. Qb2+ Kh7 27. Rae1 Qh4 28. Qf2 Qh6 29. Bg2 Rh8 30. Qg3 Kg8 31. e4 fxe4 32. dxe4 Nd4 33. Qxg4 Qxh2+ 34. Kf2 Qh4+ 35. Qxh4 Rxh4 36. Re3 Rg7 37. Rg3 Bf7 38. Rg1 Rxg3 39. Kxg3 Rh6 40. Kf2 Bxd5 41. cxd5 Nxb3 42. Rb1 c4 43. Bf1 Nd2 44. Rxb7 Rh2+ 45. Ke1 Nf3+ 46. Kd1 Rd2+ 47. Kc1 c3 48. Rb3 Rf2 49. Bd3 Nd4 50. Rxc3 Rxf4 51. Kd2 Kg7 52. Ke3 Rf3+ 53. Kxd4 Kf6 54. Rc8 Rh3 55. Rf8+ Ke7 56. Ra8 Rh1 57. Rxa5 Ra1 58. Ra8 Kd7 59. a5 Kc7 60. a6 Ra4+ 61. Ke3 Ra3 62. Ra7+ Kb6 63. Rb7+ Kc5 64. a7 Rxd3+ 65. Kf4 Ra3 66. Kf5 Kd4 67. Ke6 Ra6 68. e5 dxe5+ 69. d6 e4 70. Ke7 e3 71. d7 e2 72. Rb1 Rxa7 73. Ke6 Rxd7 74. Kxd7 Ke3 75. Kd6 Kd2 76. Kd5 e1=Q 77. Rxe1 Kxe1 1/2-1/2


[Site "https://www.chess.com"]

[Event "Titled Tuesday Blitz November 07 Early 2023"]
[White "Javakhadze, Zurab"]
[Black "Gubajdullin, Alexei"]
[WhiteFideId "13603647"]
[BlackFideId "4141202"]
[WhiteElo "2795"]
[BlackElo "2655"]
[Result "0-1"]
[Round "10"]
[TimeControl "180+1"]
[Date "2023.11.07"]
[WhiteClock "0:00:00"]
[BlackClock "0:00:35"]
[Board "35"]

1. Nf3 Nf6 2. g3 g6 3. Bg2 Bg7 4. O-O O-O 5. d4 d6 6. c4 Nbd7 7. Nc3 e5 8. e4 c6 9. h3 a5 10. Qc2 a4 11. Rd1 Qa5 12. Rb1 exd4 13. Nxd4 Re8 14. b4 axb3 15. axb3 h5 16. Bf4 Ne5 17. b4 Qc7 18. c5 dxc5 19. bxc5 h4 20. g4 Nf3+ 21. Nxf3 Qxf4 22. Nxh4 Ra3 23. Ne2 Qc7 24. Rd3 Ra5 25. f4 Nxe4 26. Re3 Rxc5 27. Qxc5 Nxc5 28. Rxe8+ Kh7 29. Nf3 Bh6 30. Ne5 Ne6 31. Rd1 Nxf4 32. Nxf4 Bxf4 33. Nxf7 Qb6+ 34. Kh1 Qb3 35. Rf1 Qg3 36. Rxf4 Qxf4 0-1


[Site "https://www.chess.com"]

[Event "Titled Tuesday Blitz November 07 Early 2023"]
[White "elprimo2012mortis"]
[Black "Asavasaetakul, Chawit"]
[BlackFideId "6204856"]
[WhiteElo "2785"]
[BlackElo "2663"]
[Result "1-0"]
[Round "10"]
[TimeControl "180+1"]
[Date "2023.11.07"]
[WhiteClock "0:00:38"]
[BlackClock "0:00:46"]
[Board "36"]

1. e4 d5 2. exd5 Nf6 3. Nf3 Nxd5 4. d4 Bf5 5. Be2 e6 6. O-O Be7 7. c4 Nb4 8. Na3 O-O 9. Bd2 N8c6 10. Bc3 a6 11. Qd2 Qd6 12. c5 Qd8 13. Bxb4 Bf6 14. Bc3 Re8 15. Rad1 Qe7 16. Nc4 Rad8 17. Qe3 h6 18. Nce5 Nb8 19. Bd3 Bxd3 20. Rxd3 c6 21. Nc4 Rd5 22. Nb6 Rdd8 23. Rfd1 Nd7 24. Nxd7 Rxd7 25. Ne5 Rd5 26. Nc4 Qc7 27. Nd6 Rd8 28. Qf3 b5 29. b4 Rf8 30. Bd2 Be7 31. Bf4 Qa7 32. Qg4 Kh7 33. Rg3 g5 34. h4 f6 35. hxg5 fxg5 36. Be5 Bxd6 37. cxd6 Rf5 38. Rc1 Rdxe5 39. dxe5 Qxf2+ 40. Kh2 Rf4 41. Rf3 Rxf3 42. Qxf3 Qh4+ 43. Kg1 Qd4+ 44. Qf2 Qxe5 45. d7 Qd6 1-0


[Site "https://www.chess.com"]

[Event "Titled Tuesday Blitz November 07 Early 2023"]
[White "Sattarov, Bobir"]
[Black "Predator0608"]
[WhiteFideId "14203081"]
[WhiteElo "2770"]
[BlackElo "2597"]
[Result "1-0"]
[Round "10"]
[TimeControl "180+1"]
[Date "2023.11.07"]
[WhiteClock "0:00:15"]
[BlackClock "0:00:03"]
[Board "38"]

1. e4 e5 2. Nf3 Nc6 3. Bc4 Bc5 4. Nc3 Nf6 5. d3 d6 6. Na4 Bb6 7. a3 d5 8. Nxb6 axb6 9. exd5 Nxd5 10. O-O O-O 11. Re1 Re8 12. h3 Bf5 13. b4 Ndxb4 14. Bg5 Qd7 15. axb4 Qd6 16. Rxa8 Rxa8 17. b5 Nd4 18. Nxe5 Be6 19. Bxe6 Nxe6 20. Bd2 Qd5 21. Qf3 Qxf3 22. Nxf3 Ra2 23. c4 Kf8 24. Re2 Nc5 25. d4 Ra1+ 26. Re1 Rxe1+ 27. Bxe1 Na4 28. Bb4+ Ke8 29. Kf1 Nb2 30. Nd2 Nd3 31. Bc3 Kd7 32. g3 Nc1 33. Bb2 Na2 34. Ke2 Nb4 35. Nf3 c6 36. bxc6+ bxc6 37. Ne5+ Ke6 38. Bc3 Na2 39. Kd3 c5 40. d5+ Kf6 41. Nd7+ Ke7 42. Nxb6 1-0


[Site "https://www.chess.com"]

[Event "Titled Tuesday Blitz November 07 Early 2023"]
[White "Samunenkov, Ihor"]
[Black "Jaskolka, Tomasz"]
[WhiteFideId "14187086"]
[BlackFideId "1170791"]
[WhiteElo "2763"]
[BlackElo "2592"]
[Result "1/2-1/2"]
[Round "10"]
[TimeControl "180+1"]
[Date "2023.11.07"]
[WhiteClock "0:00:03"]
[BlackClock "0:00:12"]
[Board "39"]

1. d4 d5 2. c4 e5 3. dxe5 d4 4. Nf3 Nc6 5. a3 a5 6. g3 Nge7 7. Bg5 h6 8. Bxe7 Bxe7 9. Bg2 Bc5 10. Nbd2 a4 11. O-O O-O 12. b4 axb3 13. Nxb3 Bxa3 14. Nfxd4 Nxd4 15. Nxd4 Ra6 16. Rb1 c6 17. e3 Qe7 18. f4 f6 19. exf6 Qxe3+ 20. Kh1 Rxf6 21. Re1 Qc3 22. Nc2 Bf5 23. Nxa3 Qxa3 24. Rxb7 Qd6 25. Qxd6 Rxd6 26. h3 Rd7 27. Rb8+ Kh7 28. g4 Bd3 29. f5 h5 30. Re6 hxg4 31. hxg4 Bxc4 32. Ree8 Kh6 33. Rbc8 Bd5 34. Bxd5 cxd5 35. Re6+ Rxe6 36. fxe6 Re7 37. Rd8 Rxe6 38. Rxd5 Kg6 39. Kg2 Kf6 40. Kf3 g5 41. Rf5+ Kg6 42. Ra5 Rd6 1/2-1/2


[Site "https://www.chess.com"]

[Event "Titled Tuesday Blitz November 07 Early 2023"]
[White "Kalogeris, Ioannis"]
[Black "Korchmar, Vasiliy"]
[WhiteFideId "4239563"]
[BlackFideId "24131750"]
[WhiteElo "2590"]
[BlackElo "2752"]
[Result "1-0"]
[Round "10"]
[TimeControl "180+1"]
[Date "2023.11.07"]
[WhiteClock "0:00:03"]
[BlackClock "0:00:00"]
[Board "40"]

1. e4 c5 2. Nf3 d6 3. Bb5+ Bd7 4. Bxd7+ Nxd7 5. O-O Ngf6 6. Qe2 e6 7. b3 g6 8. Bb2 Bg7 9. d3 O-O 10. Nbd2 e5 11. Nc4 Nb8 12. c3 Nc6 13. Rad1 Re8 14. Ne1 d5 15. Ne3 d4 16. Ng4 Nd7 17. cxd4 cxd4 18. Bc1 h5 19. Nh6+ Kf8 20. Nf3 f6 21. Nh4 Bxh6 22. Bxh6+ Kf7 23. f4 exf4 24. Rxf4 Nce5 25. Rdf1 Kg8 26. Nxg6 Nxg6 27. Qxh5 Nxf4 28. Qg4+ Kf7 29. Qg7+ Ke6 30. Qg4+ Kd6 31. Bxf4+ Ne5 32. Qg6 Re6 33. Rc1 Rc8 34. Rf1 Qg8 35. Qf5 Rc2 36. Bg3 Rxa2 37. Qh5 Qg5 38. Qh8 Qe3+ 39. Kh1 Qd2 40. Qd8+ Kc6 41. Qc8+ Kd6 42. Qd8+ Kc5 43. Qd5+ Kb4 44. Be1 Qxe1 45. Rxe1 Rc6 46. Qxd4+ Kxb3 47. Rb1+ Kc2 48. Qb4 Nxd3 49. Qb3+ Kd2 50. Rd1+ Ke3 51. Qxd3+ 1-0


[Site "https://www.chess.com"]

[Event "Titled Tuesday Blitz November 07 Early 2023"]
[White "Danielyan, Vahe"]
[Black "Czopor, Maciej"]
[WhiteFideId "13304828"]
[BlackFideId "21805431"]
[WhiteElo "2724"]
[BlackElo "2570"]
[Result "0-1"]
[Round "10"]
[TimeControl "180+1"]
[Date "2023.11.07"]
[WhiteClock "0:00:00"]
[BlackClock "0:00:04"]
[Board "41"]

1. e4 g6 2. d4 c6 3. Nf3 Bg7 4. h3 d5 5. e5 f6 6. exf6 Nxf6 7. Bd3 O-O 8. O-O Na6 9. c3 Nc7 10. Re1 Bf5 11. Bf4 Ne4 12. Be5 Bxe5 13. dxe5 Qc8 14. Bxe4 dxe4 15. Ng5 h6 16. Nxe4 Bxe4 17. Rxe4 Qf5 18. Qe2 Rad8 19. Na3 Ne6 20. Re1 Kg7 21. Nc2 Nf4 22. Qg4 Nxh3+ 23. Qxh3 Qxf2+ 24. Kh2 Qxc2 25. R1e2 Qd3 26. Qe6 Qd7 27. Qb3 Qf5 28. Qb4 c5 29. Qxc5 Qh5+ 30. Kg3 Rd3+ 31. R4e3 Qxe2 32. Qxe7+ Rf7 0-1


[Site "https://www.chess.com"]

[Event "Titled Tuesday Blitz November 07 Early 2023"]
[White "Atakhan, Abtin"]
[Black "Harsh Suresh"]
[WhiteFideId "22502203"]
[BlackFideId "45018464"]
[WhiteElo "2718"]
[BlackElo "2916"]
[Result "1-0"]
[Round "10"]
[TimeControl "180+1"]
[Date "2023.11.07"]
[WhiteClock "0:00:30"]
[BlackClock "0:00:00"]
[Board "42"]

1. Nf3 d5 2. g3 Nd7 3. d4 Nb6 4. Bg2 Nf6 5. b3 h6 6. Ba3 Bf5 7. O-O a5 8. Nbd2 a4 9. c4 c6 10. cxd5 cxd5 11. bxa4 e6 12. Bxf8 Kxf8 13. Qb3 Rxa4 14. Ne5 Kg8 15. e3 Ra7 16. a4 Nbd7 17. Ndf3 Nxe5 18. Nxe5 Nd7 19. Nxd7 Qxd7 20. Rfc1 Kh7 21. Bf1 Rha8 22. Bb5 Qd6 23. Rc3 Be4 24. Rac1 Qe7 25. Rc7 Qf6 26. Qd1 Qf5 27. Rd7 b6 28. Rxa7 Rxa7 29. Rc6 h5 30. Be2 h4 31. f3 hxg3 32. hxg3 Qg5 33. fxe4 Qxe3+ 34. Kg2 Qxe4+ 35. Bf3 Qe3 36. Qh1+ Kg6 37. Qh5+ Kf6 38. Rc2 Rxa4 39. Rf2 Ke7 40. Bd1 Qe4+ 41. Kh2 Rxd4 42. Qxf7+ Kd6 43. Qf8+ Kc6 44. Bb3 Rb4 45. Rc2+ Kb5 46. Qe8+ Ka5 47. Ra2+ 1-0


[Site "https://www.chess.com"]

[Event "Titled Tuesday Blitz November 07 Early 2023"]
[White "Wagner, Dennis"]
[Black "AlmasRakhmatullaev"]
[WhiteFideId "24650684"]
[WhiteElo "2717"]
[BlackElo "2866"]
[Result "1/2-1/2"]
[Round "10"]
[TimeControl "180+1"]
[Date "2023.11.07"]
[WhiteClock "0:00:11"]
[BlackClock "0:00:16"]
[Board "43"]

1. d4 d5 2. c4 e6 3. Nf3 a6 4. Bg5 Be7 5. Bxe7 Qxe7 6. Nbd2 Nf6 7. g3 O-O 8. Bg2 b6 9. O-O Bb7 10. Ne5 c5 11. cxd5 exd5 12. Rc1 Rd8 13. e3 Nc6 14. Nxc6 Bxc6 15. b4 Bb5 16. bxc5 Bxf1 17. Bxf1 bxc5 18. dxc5 d4 19. exd4 Rxd4 20. Qc2 a5 21. Nb3 Rd7 22. Bg2 Raa7 23. c6 Rdc7 24. Nd4 Qe5 25. Qc5 Qxc5 26. Rxc5 a4 27. Rb5 Rc8 28. h3 g6 29. a3 Kg7 30. Rb4 Ne8 31. Nb5 Ra5 32. Nc3 Nc7 33. Nxa4 Rd8 34. g4 Rd2 35. Be4 Ra2 36. Nb6 R5xa3 37. Nd5 Ra1+ 38. Kg2 Ne6 39. Rb7 Rc1 40. Re7 Rxc6 41. h4 Ra4 42. f3 Rd6 43. g5 h6 44. gxh6+ Kxh6 45. Rxf7 Nc5 46. Nf6 Rxf6 47. Rxf6 Nxe4 48. fxe4 Rxe4 49. Kg3 Kh5 50. Ra6 Rg4+ 51. Kh3 Rxh4+ 52. Kg3 g5 53. Ra1 Rg4+ 54. Kh3 Rb4 55. Kg3 Rb3+ 56. Kg2 Kh4 57. Kh2 g4 58. Kg2 Rb2+ 59. Kg1 Kh3 60. Rc1 g3 61. Ra1 Rh2 62. Rc1 Rf2 63. Rb1 Rg2+ 64. Kh1 Rc2 65. Kg1 Rf2 66. Rc1 Rf3 67. Rb1 g2 68. Rc1 Kg3 69. Rb1 Re3 70. Rc1 Kf3 71. Rd1 Re2 72. Rd3+ Kf4 73. Rd1 Ke3 74. Ra1 Kf3 75. Rb1 Re3 76. Rc1 Kg3 77. Rb1 Rf3 78. Rc1 Rf4 79. Rc3+ Rf3 80. Rc1 Kh3 81. Rd1 Rg3 82. Rc1 Kg4 83. Rc2 Kh3 84. Rf2 Ra3 85. Ra2 Rc3 86. Ra1 Kg3 87. Rb1 Rf3 88. Ra1 Kf4 89. Rb1 Rg3 90. Ra1 Kg4 91. Rb1 Kh3 92. Ra1 Re3 93. Rb1 Ra3 94. Rc1 Ra2 95. Rb1 Kg3 96. Rc1 Kg4 97. Rb1 Kg3 98. Rb3+ Kf4 99. Rb4+ Kf3 100. Rb3+ Kg4 101. Rb4+ Kg5 102. Rb5+ Kf4 103. Rb4+ Kf3 104. Rb3+ Ke2 105. Kxg2 Kd2 106. Kf3 Kc2 107. Re3 Rb2 108. Re2+ Kb1 109. Rxb2+ Kxb2 1/2-1/2


[Site "https://www.chess.com"]

[Event "Titled Tuesday Blitz November 07 Early 2023"]
[White "MKlose11"]
[Black "Mikhailovsky, Vladimir"]
[BlackFideId "34105414"]
[WhiteElo "2709"]
[BlackElo "2816"]
[Result "1/2-1/2"]
[Round "10"]
[TimeControl "180+1"]
[Date "2023.11.07"]
[WhiteClock "0:00:33"]
[BlackClock "0:00:10"]
[Board "44"]

1. e4 c5 2. Nc3 d6 3. g3 g6 4. d3 Bg7 5. Be3 Nc6 6. Qd2 Rb8 7. Bg2 b5 8. Nge2 b4 9. Nd1 Nf6 10. h3 O-O 11. O-O Bb7 12. Bh6 e5 13. Bxg7 Kxg7 14. f4 Nd4 15. Ne3 Nh5 16. Kh2 exf4 17. Nxf4 Nxg3 18. Kxg3 Qg5+ 19. Kh2 Qe5 20. Kh1 Nb5 21. Nc4 Qe7 22. Qf2 Nd4 23. c3 bxc3 24. bxc3 Nb5 25. a4 Nc7 26. Qg3 Ne6 27. Nxe6+ Qxe6 28. Qxd6 Qe8 29. Qe5+ Qxe5 30. Nxe5 Ba6 31. Nd7 Bxd3 32. Rfd1 c4 33. Nxf8 Kxf8 34. Bf1 Bxe4+ 35. Kg1 Rb2 36. Rd4 f5 37. Rxc4 Kg7 38. Rd1 Kf6 39. Rc7 Ke5 40. Rxh7 Kf4 41. h4 Kg3 42. Rg7 f4 43. Rd6 Rb1 44. Rdxg6+ Kf3 45. Rf6 Bd3 46. Rxf4+ Kxf4 47. Rf7+ Kg3 48. h5 Bxf1 49. Rxf1 Rb6 50. Rf5 Rb1+ 51. Rf1 Rb6 52. Rd1 Kg4 53. Rd5 Rc6 54. Kf2 Rxc3 55. Ra5 Rh3 56. Ke2 Rxh5 57. Rxa7 Rh3 58. Kd2 Kf4 59. Kc2 Ke5 60. Rc7 Kd6 61. Rc4 Kd5 62. Rc7 Ra3 63. Ra7 Kc6 64. Kb2 Kb6 65. Ra8 Kb7 66. Ra5 Rh3 67. Rb5+ Ka6 68. Re5 Kb6 69. Rb5+ Ka6 70. Rb3 Rxb3+ 71. Kxb3 Ka5 72. Ka3 Ka6 73. Kb4 Kb6 74. a5+ Ka6 75. Ka4 Ka7 76. Kb5 Kb7 77. a6+ Ka7 78. Ka5 Ka8 79. Kb6 Kb8 80. a7+ Ka8 81. Ka6 1/2-1/2


[Site "https://www.chess.com"]

[Event "Titled Tuesday Blitz November 07 Early 2023"]
[White "Jakubowski, Krzysztof"]
[Black "Kozak, Antoni"]
[WhiteFideId "1112848"]
[BlackFideId "21832030"]
[WhiteElo "2680"]
[BlackElo "2805"]
[Result "1-0"]
[Round "10"]
[TimeControl "180+1"]
[Date "2023.11.07"]
[WhiteClock "0:00:16"]
[BlackClock "0:00:00"]
[Board "45"]

1. e4 g6 2. d4 Bg7 3. Nc3 a6 4. f4 d5 5. e5 h5 6. Be3 Nh6 7. Nf3 Bg4 8. h3 Bxf3 9. Qxf3 e6 10. Bd3 h4 11. O-O Nc6 12. Bf2 Bf8 13. Ne2 Nb4 14. b3 c6 15. c4 Nxd3 16. Qxd3 Nf5 17. Rab1 Be7 18. c5 Kf8 19. b4 Kg7 20. a4 b6 21. Rfc1 Qc7 22. Rc2 Rhb8 23. cxb6 Qxb6 24. a5 Qb7 25. Kh2 Qd7 26. Be1 Rb5 27. Ng1 Rab8 28. Nf3 Qb7 29. Rbc1 Rc8 30. Qe2 Bxb4 31. Bxh4 Nxh4 32. Nxh4 Bxa5 33. Qg4 Bd8 34. f5 exf5 35. Nxf5+ Kg8 36. Nd6 1-0


[Site "https://www.chess.com"]

[Event "Titled Tuesday Blitz November 07 Early 2023"]
[White "Shuvalova, Polina"]
[Black "Molina, Roberto Junio Brito"]
[WhiteFideId "24171760"]
[BlackFideId "2109450"]
[WhiteElo "2662"]
[BlackElo "2792"]
[Result "1-0"]
[Round "10"]
[TimeControl "180+1"]
[Date "2023.11.07"]
[WhiteClock "0:01:28"]
[BlackClock "0:01:19"]
[Board "46"]

1. e4 c6 2. d4 d5 3. exd5 cxd5 4. Bd3 Nc6 5. c3 Qc7 6. Ne2 Bg4 7. O-O e6 8. Qe1 Nf6 9. Bg5 Bxe2 10. Qxe2 Be7 11. Nd2 h6 12. Be3 Bd6 13. g3 h5 14. Bg5 O-O-O 15. Nf3 Rde8 16. Rfe1 e5 17. dxe5 Nxe5 18. Nxe5 Rxe5 19. Qd2 Ne4 20. Bxe4 dxe4 21. Rad1 Re6 22. Qd4 Bc5 23. Qxg7 Rhe8 24. Be3 Bxe3 25. Rxe3 f5 26. Qg5 Qf7 27. Qf4 b6 28. Rd5 Rf6 29. c4 Kb7 30. h4 Rc8 31. b3 Rc7 32. Kg2 Rd7 33. Rxd7+ Qxd7 34. Qg5 Qf7 35. Qf4 Kc6 36. Re2 Rd6 37. Rxe4 Rf6 38. Re5 Kb7 39. Qf3+ Kc7 40. Qd5 Qg6 41. Re7+ 1-0


[Site "https://www.chess.com"]

[Event "Titled Tuesday Blitz November 07 Early 2023"]
[White "Skliarov, Viktor"]
[Black "Yeremyan_ChessMate"]
[WhiteFideId "14106736"]
[WhiteElo "2668"]
[BlackElo "2775"]
[Result "1/2-1/2"]
[Round "10"]
[TimeControl "180+1"]
[Date "2023.11.07"]
[WhiteClock "0:00:26"]
[BlackClock "0:00:15"]
[Board "47"]

1. e4 Nf6 2. Nc3 d5 3. exd5 Nxd5 4. Bc4 c6 5. Qf3 Nf6 6. Qe2 Nbd7 7. Nf3 Nb6 8. Bb3 Bf5 9. d4 e6 10. O-O Be7 11. h3 O-O 12. Bf4 h6 13. Rad1 a5 14. a4 Nbd5 15. Nxd5 exd5 16. Rfe1 Re8 17. Ne5 Bf8 18. Bc1 Nd7 19. Qf3 Nxe5 20. Qxf5 Ng6 21. c3 Qd6 22. Bc2 Be7 23. g3 Rad8 24. Kg2 Qf6 25. h4 Qxf5 26. Bxf5 Nf8 27. h5 Bd6 28. f4 Nh7 29. Kf3 Nf6 30. g4 b5 31. axb5 cxb5 32. g5 hxg5 33. fxg5 Nxh5 34. Rxe8+ Rxe8 35. Bd7 Rd8 36. Bxb5 g6 37. Re1 Ng7 38. Bc6 Bb8 39. Bd2 Ne6 40. Ra1 Bc7 41. Kg4 Kf8 42. Be3 Ke7 43. Rf1 Rd6 44. Ba4 Rb6 45. Bc1 Rb8 46. Rh1 Rc8 47. Rh7 Rd8 48. Bd2 Rd6 49. Bc1 Rb6 50. Rh8 Rb8 51. Rxb8 Bxb8 52. Bc6 Kd6 53. Be8 Ke7 54. Bc6 Kd6 55. Be8 Ke7 56. Bc6 1/2-1/2


[Site "https://www.chess.com"]

[Event "Titled Tuesday Blitz November 07 Early 2023"]
[White "Liyanage, Ranindu Dilshan"]
[Black "Thomforde-Toates, Noah"]
[WhiteFideId "9915834"]
[BlackFideId "30951992"]
[WhiteElo "2772"]
[BlackElo "2651"]
[Result "0-1"]
[Round "10"]
[TimeControl "180+1"]
[Date "2023.11.07"]
[WhiteClock "0:01:16"]
[BlackClock "0:01:23"]
[Board "48"]

1. e4 c5 2. Nf3 g6 3. c3 Bg7 4. d4 cxd4 5. cxd4 Nf6 6. e5 Nd5 7. Bc4 Nb6 8. Bb3 d6 9. Qe2 Nc6 10. h3 dxe5 11. dxe5 Nd4 12. Qe4 Nxb3 13. axb3 Be6 14. Nbd2 Bd5 15. Qe3 O-O 16. O-O Qd7 17. Ne4 Rfd8 18. Nc5 Qb5 19. e6 f5 20. Nd2 f4 21. Qxf4 Qxc5 22. Nf3 Rf8 23. Qg3 Bxf3 24. gxf3 Qc6 25. Re1 Rxf3 26. Qg4 Raf8 27. Be3 Nd5 28. Rac1 Nxe3 29. fxe3 Qd6 0-1


[Site "https://www.chess.com"]

[Event "Titled Tuesday Blitz November 07 Early 2023"]
[White "Csonka, Balazs"]
[Black "Arabidze, Meri"]
[WhiteFideId "742910"]
[BlackFideId "13604040"]
[WhiteElo "2762"]
[BlackElo "2639"]
[Result "0-1"]
[Round "10"]
[TimeControl "180+1"]
[Date "2023.11.07"]
[WhiteClock "0:00:02"]
[BlackClock "0:00:03"]
[Board "49"]

1. e4 c5 2. Nc3 e6 3. Nf3 Nc6 4. d4 cxd4 5. Nxd4 a6 6. Qd3 d6 7. Nxc6 bxc6 8. Qg3 Nf6 9. Bd3 e5 10. Be3 g6 11. O-O-O Bg7 12. h4 h5 13. Bg5 Qc7 14. Bc4 a5 15. Rd2 Nh7 16. Be3 Nf8 17. Rhd1 Be6 18. Be2 Rd8 19. Bc5 Bh6 20. Be3 Bg7 21. Kb1 Nh7 22. Na4 Nf6 23. Bb6 Qb8 24. Qe3 Bh6 25. Qf3 Ke7 26. Bxa5 Bg4 27. Qa3 Bxd2 28. Bxd8+ Rxd8 29. f3 Bb4 30. Qe3 Be6 31. Qg5 Ba3 32. b3 Bb4 33. f4 exf4 34. Rf1 c5 35. Rxf4 c4 36. Rxf6 Kd7 37. Qe3 Qc7 38. Qf3 Kc8 39. Rf4 d5 40. exd5 Bxd5 41. Qf2 cxb3 42. Nb6+ Kb7 43. Nxd5 Qxc2+ 44. Ka1 Qxa2# 0-1


[Site "https://www.chess.com"]

[Event "Titled Tuesday Blitz November 07 Early 2023"]
[White "Socko, Bartosz"]
[Black "GatoRojo150"]
[WhiteFideId "1107038"]
[WhiteElo "2738"]
[BlackElo "2613"]
[Result "1-0"]
[Round "10"]
[TimeControl "180+1"]
[Date "2023.11.07"]
[WhiteClock "0:00:05"]
[BlackClock "0:00:00"]
[Board "50"]

1. g3 e5 2. Bg2 Nf6 3. c4 c6 4. Nc3 d5 5. cxd5 cxd5 6. d4 exd4 7. Qxd4 Nc6 8. Qa4 d4 9. Nb1 Bd7 10. Nf3 Rc8 11. Qd1 Bb4+ 12. Bd2 O-O 13. O-O Bc5 14. Na3 Bxa3 15. bxa3 Re8 16. Re1 Bg4 17. Qb3 Qd7 18. Rad1 Be6 19. Qb2 Bd5 20. Bf4 Bxf3 21. Bxf3 h5 22. Bxc6 Rxc6 23. Rxd4 Qh3 24. f3 Rb6 25. Qd2 Qe6 26. Bg5 Qe5 27. Bxf6 Qxf6 28. Kg2 Rbe6 29. e4 h4 30. Rd5 h3+ 31. Kf2 Rb6 32. Re2 Qc6 33. Rh5 Rb1 34. Rxh3 Qc5+ 35. Qe3 Qc4 36. Rh5 Rd8 37. Rc5 Qa6 38. Rd5 Rc8 39. Kg2 Rcc1 40. Rd8+ Kh7 41. Kh3 Qe6+ 42. g4 Rg1 43. Rd5 Rbf1 44. Rh5+ Kg8 45. Rd2 g6 46. Rd8+ Kg7 47. Qh6+ Kf6 48. Qg5+ Kg7 49. Rh7+ 1-0


[Site "https://www.chess.com"]